 Dungeon Crawl Stone Soup version 0.17-a0-1718-g72dbe4d (webtiles) character file.

4883 kae the Fencer (level 10, -4/77 HPs)
             Began as a Minotaur Fighter on Aug 24, 2015.
             Was a Follower of Qazlal.
             Engulfed by an ice statue's freezing vapour (8 damage)
             ... on level 9 of the Dungeon.
             The game lasted 00:12:52 (8806 turns).

kae the Fencer (Minotaur Fighter)                   Turns: 8806, Time: 00:12:52

Health: -4/77      AC: 14    Str: 23    XL:     10   Next: 26%
Magic:  9/9        EV:  7    Int:  7    God:    Qazlal [*.....]
Gold:   430        SH: 11    Dex:  9    Spells: 0 memorised, 9 levels left

rFire  . . .     SeeInvis .     a - +1 long sword
rCold  + . .     Rnd*Rage +     m - +0 scale mail {rC+}
rNeg   . . .     SustAt   +     c - +0 shield
rPois  .         Gourm    .     (helmet restricted)
rElec  .         Spirit   .     l - +2 cloak {MR+}
rCorr  .         Warding  .     o - +0 pair of gloves
rMut   .         Stasis   .     (no boots)
MR     +....                    g - amulet of regeneration
Stlth  ..........               v - ring of sustain attributes
                                n - +3 ring of protection

@: somewhat resistant to hostile enchantments, extremely unstealthy
A: retaliatory headbutt, horns 2, berserk 1
a: Renounce Religion


You were on level 9 of the Dungeon.
You worshipped Qazlal.
Qazlal was aware of your devotion.
You were not hungry.

You visited 2 branches of the dungeon, and saw 10 of its levels.

You collected 430 gold pieces.

Inventory:

Hand weapons
 a - a +1 long sword (weapon)
Armour
 b - a +1 scale mail
 c - a +0 shield (worn)
 l - a +2 cloak of magic resistance (worn)
 m - a +0 scale mail of cold resistance (worn)
 o - a +0 pair of gloves (worn)
 y - a +0 cloak
Jewellery
 g - an amulet of regeneration (around neck)
 i - an uncursed amulet of faith
 j - an uncursed ring of stealth
 n - a +3 ring of protection (left hand)
 v - a ring of sustain attributes (right hand)
 D - an uncursed amulet of stasis {unknown}
Magical devices
 d - a wand of flame (29)
 q - a wand of flame (19)
 x - a wand of lightning (8)
 B - a wand of frost (24)
 C - a wand of magic darts (18)
 K - a wand of slowing (19)
 M - a wand of digging (5)
Scrolls
 p - 6 scrolls of remove curse
 r - a scroll of enchant weapon
 t - 4 scrolls of amnesia
 u - 6 scrolls of identify
 w - 3 scrolls of teleportation
 z - 2 scrolls of enchant armour
 F - a scroll of immolation {unknown}
 G - a scroll of torment {unknown}
 I - a scroll of summoning {unknown}
 J - a scroll of fear {unknown}
Potions
 k - 4 potions of poison
 A - a potion of cure mutation
 E - a potion of agility
Comestibles
 e - 7 bread rations
 f - 3 meat rations
 h - 22 fruits


   Skills:
 - Level 3.6 Fighting
 + Level 16.8 Long Blades
 - Level 3.6 Armour
 - Level 3.6 Shields


You had 9 spell levels left.
You didn't know any spells.

Dungeon Overview and Level Annotations

Branches:
Dungeon (9/15)             Temple (1/1) D:7
   Lair: D:8-11         Orc: D:9-12

Altars:
Ashenzari
Cheibriados
Dithmenos
Elyvilon
Fedhas
Gozag
Kikubaaqudgha
Makhleb
Nemelex Xobeh
Okawaru
Qazlal
Ru
Sif Muna
Trog
Vehumet
Xom
Yredelemnul
Zin
The Shining One

Shops:
D:4 [

Annotations:
D:7 kae's ghost, experienced MiFi
D:9 2 runed doors, exclusion: ice statue


Innate Abilities, Weirdness & Mutations

You reflexively headbutt those who attack you in melee.
You have a pair of horns on your head.
You tend to lose your temper in combat.


Message History

The ice beast hits you but does no damage.
You block the ice beast's attack. The ice beast hits you.
* * * LOW HITPOINT WARNING * * *
The ice beast freezes you. You resist.
* * * LOW HITPOINT WARNING * * *
Unknown command.
Drink which item? (? for menu, Esc to quit)
You feel better.
You are engulfed in freezing vapours.
You resist.
* * * LOW HITPOINT WARNING * * *
The ice beast hits you.
* * * LOW HITPOINT WARNING * * *
The ice beast freezes you! You resist.
* * * LOW HITPOINT WARNING * * *
The ice beast hits you but does no damage. x2
Unknown command.
Unknown command.
Read which item? (? for menu, Esc to quit)
Okay, then.
You are engulfed in freezing vapours.
You resist.
You die...

...####....###.## #...#.....##
#### ##..##
#..#####..####....#
#...###.§...#...# ##..##
#...#...#'#....## ####
#.....###.###...#
#...###.....###.##
########...#...#+#...#}.#
..........##.###.###.##.##
..........#..#..@§§#..#..####
###......##.##..Y§§##.##.##.#
#####..+..+..$8YY§'..'.#..##
#...##.##..§..##.##.#...#
#....#..#.....#..#.....##
#....##.###.###.##.....#
##.....#...#+#...#......#
#..#...###.....###.....######
##...##...###.###.............


You could see an ice statue and 3 ice beasts.

Vanquished Creatures
  The ghost of kae the Fencer, an experienced MiFi of Qazlal (D:9)
  A hill giant (D:8)
  Grinder (D:3)
  A deep elf mage (D:8)
  3 wyverns
  An orc warrior (D:5)
  2 black bears (D:9)
  3 centaurs
  3 ice beasts
  2 sky beasts (D:9)
  4 big kobolds
  3 ogres
  A giant frog (D:9)
  A wyvern skeleton (D:8)
  3 wights (D:8)
  6 killer bees (D:9)
  3 quasits
  2 crimson imps
  2 giant frog skeletons
  4 hounds
  3 jellies
  A giant frog zombie (D:5)
  An orc priest (D:6)
  Crazy Yiuf (D:5)
  2 orc wizards
  2 iguanas
  Jessica (D:3)
  2 centaur skeletons
  Terence (D:2)
  4 worker ants
  Natasha (thrice) (D:3)
  A worker ant zombie (D:7)
  7 adders
  2 shadow imps
  2 oozes
  2 adder skeletons
  2 worms
  19 orcs
  8 ball pythons
  5 giant cockroaches
  6 hobgoblins
  5 jackals
  3 quokkas
  7 bats
  5 giant geckos
  A giant gecko skeleton (D:8)
  6 giant newts
  10 goblins
  11 kobolds
  6 rats
  A fungus (D:5)
177 creatures vanquished.

Notes
Turn   | Place    | Note
--------------------------------------------------------------
     0 | D:1      | kae the Minotaur Fighter began the quest for the Orb.
     0 | D:1      | Reached XP level 1. HP: 19/19 MP: 0/0
    39 | D:1      | Reached XP level 2. HP: 23/26 MP: 1/1
   358 | D:1      | Reached skill level 4 in Long Blades
   396 | D:1      | Reached XP level 3. HP: 27/31 MP: 2/2
  1294 | D:2      | Noticed Terence
  1305 | D:2      | Killed Terence
  1305 | D:2      | Reached skill level 5 in Long Blades
  1305 | D:2      | Reached XP level 4. HP: 37/39 MP: 3/3
  1843 | D:3      | Noticed Jessica
  1847 | D:3      | Killed Jessica
  1847 | D:3      | Reached skill level 6 in Long Blades
  2082 | D:3      | Reached XP level 5. HP: 45/45 MP: 4/4
  2110 | D:3      | Noticed Natasha
  2126 | D:3      | Killed Natasha
  2305 | D:3      | Noticed Grinder
  2308 | D:3      | Paralysed by Grinder for 2 turns
  2315 | D:3      | Killed Grinder
  2315 | D:3      | Reached skill level 8 in Long Blades
  2315 | D:3      | Reached XP level 6. HP: 47/51 MP: 5/5
  2531 | D:3      | Noticed Natasha
  2551 | D:3      | HP: 2/51 [crimson imp[Natasha] (3)]
  2566 | D:3      | Killed Natasha
  2814 | D:3      | Noticed Natasha
  2822 | D:3      | Killed Natasha
  3346 | D:4      | Reached skill level 9 in Long Blades
  3346 | D:4      | Reached XP level 7. HP: 33/57 MP: 6/6
  3574 | D:4      | Found Xiocug Xyano's Antique Armour Shoppe.
  3760 | D:5      | Entered Level 5 of the Dungeon
  3940 | D:5      | Reached skill level 10 in Long Blades
  4575 | D:5      | Noticed Crazy Yiuf
  4583 | D:5      | Killed Crazy Yiuf
  4666 | D:6      | Reached skill level 11 in Long Blades
  4718 | D:6      | Reached XP level 8. HP: 64/64 MP: 7/7
  4736 | D:6      | Noticed a wyvern
  4740 | D:6      | Killed a wyvern
  5184 | D:5      | Reached skill level 12 in Long Blades
  5295 | D:6      | Gained mutation: Your body sometimes deteriorates upon taking damage. [potion of mutation]
  5295 | D:6      | Lost mutation: Your body sometimes deteriorates upon taking damage. [potion of mutation]
  5295 | D:6      | Gained mutation: You tend to lose your temper in combat. [potion of mutation]
  5412 | D:7      | Noticed kae's ghost (experienced MiFi)
  5631 | D:7      | Found a staircase to the Ecumenical Temple.
  5668 | Temple   | Entered the Ecumenical Temple
  5743 | Temple   | Became a worshipper of Qazlal Stormbringer
  5961 | D:7      | Reached skill level 13 in Long Blades
  6685 | D:8      | Noticed a five-headed hydra
  6874 | D:8      | Reached XP level 9. HP: 32/70 MP: 8/8
  6970 | D:8      | Noticed a hill giant
  6982 | D:8      | Killed a hill giant
  6982 | D:8      | Reached skill level 14 in Long Blades
  7216 | D:8      | Acquired Qazlal's first power
  7500 | D:8      | Reached skill level 15 in Long Blades
  7656 | D:9      | Found a runed door.
  7686 | D:9      | Noticed kae's ghost (experienced MiFi)
  7713 | D:9      | Killed kae's ghost
  7713 | D:9      | Reached skill level 16 in Long Blades
  7713 | D:9      | Reached XP level 10. HP: 45/77 MP: 9/9
  7855 | D:9      | Found a radiant altar of Vehumet.
  7863 | D:9      | Found a runed door.
  7881 | D:9      | Found a runed door.
  8111 | D:9      | Found a runed door.
  8777 | D:9      | Noticed an ice statue
  8806 | D:9      | Engulfed by an ice statue's freezing vapour

Vault maps used:
D:1:      onia_arrival_handbag
D:2:      uniq_terence
D:3:      kennysheep_six_static_rooms, first_bread, uniq_grinder, uniq_natasha,
          uniq_jessica
D:4:      serial_shops, kennysheep_mini_moat
D:5:      uniq_crazy_yiuf_cottage
D:7:      minmay_temple_entry_purple_smoke
D:8:      minmay_tri_box, blue_anna_alchemist
D:9:      lemuel_upstairs_altar, vehumet_crystals, minmay_statue_crystal_thing
Temple:   grunt_wide_crystal_templ_18

Action                   |  1- 3 |  4- 6 |  7- 9 | 10-12 || total
-------------------------+-------+-------+-------+-------++-------
Melee: Long sword        |    95 |   142 |   323 |   101 ||   661
  Use: Potion            |       |     4 |     6 |     1 ||    11
       Scroll            |       |     5 |     8 |       ||    13
 Stab: Invisible         |       |       |     1 |       ||     1
  Eat: Chunk             |     1 |     7 |    16 |     3 ||    27
       Fruit             |       |       |     2 |       ||     2
       Pizza             |       |       |     1 |       ||     1
       Beef jerky        |       |       |       |     1 ||     1
